 Dungeon Crawl Stone Soup version 0.21.1-1-g345015fe64 (webtiles) character file.

43 Redear the Sneak (level 3, -6/17 HPs)
             Began as a Felid Monk on Mar 10, 2018.
             Mangled by an ogre
             ... wielding a +0 giant club
              (23 damage)
             ... on level 5 of the Dungeon.
             The game lasted 00:08:25 (932 turns).

Redear the Sneak (Felid Monk)                        Turns: 932, Time: 00:08:25

Health: -6/17      AC:  1    Str:  7    XL:     3   Next: 37%
Magic:  4/4        EV: 20    Int: 11    God:
Gold:   30         SH:  0    Dex: 19    Spells: 1/2 levels left
                                        Lives:  0   Deaths: 0

rFire    . . .     SeeInvis +     - Unarmed
rCold    . . .     Gourm    .   (shield unavailable)
rNeg     . . .     Faith    .   (armour unavailable)
rPois    .         Spirit   .   (helmet unavailable)
rElec    .         Reflect  .   (cloak unavailable)
rCorr    .         Harm     .   (gloves unavailable)
MR       .....                  (boots unavailable)
Stlth    ++++......             (no amulet)
HPRegen  0.05/turn              (no ring)
MPRegen  0.09/turn              (no ring)

@: quick
A: very small, no armour, no weapons or thrown items, stealth, claws 1, fangs 3,
see invisible, carnivore, speed 1, shaggy fur 1, slow metabolism 1, sharp paws
a: no special abilities


You were on level 5 of the Dungeon.
You were completely stuffed.

You visited 1 branch of the dungeon, and saw 5 of its levels.

You collected 30 gold pieces.

Inventory:

Jewellery
 b - a +2 ring of dexterity {unknown}
Scrolls
 c - a scroll of fear {unknown}
 d - a scroll of amnesia {unknown}
 e - 2 scrolls of remove curse {unknown}
 g - a scroll of identify {unknown}
 i - a scroll of blinking {unknown}
Potions
 f - 3 potions of curing {unknown}
 h - a potion of heal wounds {unknown}
Books
 j - a book of Cantrips

   Spells                             Type                      Level
   a - Confusing Touch                Hexes                        1
   b - Animate Skeleton               Necromancy                   1
   c - Summon Small Mammal            Summoning                    1
   d - Apportation                    Translocation                1
Comestibles
 a - a ration


   Skills:
 - Level 3.0 Fighting
 - Level 4.0 Dodging
 + Level 5.4 Stealth
 - Level 3.0 Unarmed Combat


You had one spell level left.
You knew the following spells:

 Your Spells              Type           Power        Failure   Level  Hunger
a - Confusing Touch       Hex            #.....       34%         1    ##.....


Dungeon Overview and Level Annotations

Branches:
Dungeon (5/15)
 Temple: D:4-7

Altars:

Annotations:
D:2 1 transporter
D:4 Skiberibeda's ghost, amateur DEIE


Innate Abilities, Weirdness & Mutations

You cannot wear armour.
You are incapable of wielding weapons or throwing items.
Your paws allow you to move quietly. (Stealth)
You have sharp claws.
You have razor-sharp teeth.
You have supernaturally acute eyesight. (SInv)
You are carnivorous and can eat meat at any time.
You cover ground quickly.
You are covered in fur. (AC +1)
You have a slow metabolism.
Your sharp claws are effective at attacking unaware monsters.


Message History

Confirm with . or Enter, or press ? or * to list all spells.
You don't know that spell.
Casting: Confusing Touch
Confirm with . or Enter, or press ? or * to list all spells.
You don't know that spell.
Casting: Confusing Touch
Confirm with . or Enter, or press ? or * to list all spells.
Okay, then.
Casting: Confusing Touch
Confirm with . or Enter, or press ? or * to list all spells.
Okay, then.
You barely miss the ogre. The ogre barely misses you.
You scratch the ogre.
The ogre is lightly wounded.
The ogre barely misses you.
You claw the ogre!
The ogre is heavily wounded.
The ogre hits you with a giant club!!
Ouch! That really hurt!
You die...

# #.......
.###.###......#
.........###.##
###..##.## # ##....#
######## ####.#
#..Z...# #####.# #$#
...#.# #@####.#.#.# #
####O##...#...####.##
#...<...#####........
#.##.##...#.....##.##
.. ...####.#....##
###.#### #...#.## #
#####.# #O# ##'##


You could see an ogre.

Vanquished Creatures
  An adder (D:2)
  An ooze (D:1)
  A dart slug (D:1)
  A leopard gecko (D:1)
  3 orcs (D:4)
  2 giant cockroaches (D:1)
  3 goblins
  2 hobgoblins (D:2)
  2 kobolds (D:1)
  2 quokkas
  3 bats
  A frilled lizard (D:1)
22 creatures vanquished.

Notes
Turn   | Place    | Note
-------+----------+-------------------------------------------
     0 | D:1      | Redear the Felid Monk began the quest for the Orb.
     0 | D:1      | Reached XP level 1. HP: 10/10 MP: 2/2
     6 | D:1      | Noticed a lindwurm
     6 | D:1      | Noticed a rime drake
     6 | D:1      | Noticed a redback
     8 | D:1      | Noticed a komodo dragon
     8 | D:1      | Noticed an anaconda
    15 | D:1      | Reached skill level 3 in Stealth
   106 | D:1      | Reached skill level 4 in Stealth
   106 | D:1      | Reached XP level 2. HP: 14/14 MP: 3/3
   436 | D:2      | Found a transporter.
   452 | D:2      | Reached skill level 5 in Stealth
   452 | D:2      | Reached XP level 3. HP: 17/17 MP: 4/4
   674 | D:4      | Noticed Skiberibeda's ghost (amateur DEIE)
   678 | D:4      | Noticed a scorpion
   730 | D:5      | Entered Level 5 of the Dungeon
   867 | D:5      | Learned a level 1 spell: Confusing Touch
   904 | D:5      | Noticed an ogre
   932 | D:5      | Mangled by an ogre

Skill      XL: |  1  2 |
---------------+-------+-----
Stealth        | 4 5 |  5.4
Fighting       | |  3.0
Dodging        | |  4.0
Unarmed Combat | |  3.0

Action                   || total
-------------------------++-------
Melee: Unarmed           ||    75
       Bite              ||     2
 Stab: Sleeping          ||     7
  Eat: Chunk             ||     7
Armor: Skin              ||     5
Dodge: Dodged            ||    66
